Map: Odyssey LE

Players

MightyKiwi - Winner!

  • Race: Zerg Zerg
  • Spawn Location: 5:00

BackupA (Rob)

  • Race: Protoss Protoss
  • Spawn Location: 11:00

Event: WCS Montreal 2017

VOD

Have the link to the VOD?

Description

Time

  • Played on: Sept. 8, 2017, 3:25 p.m.
  • Length: 14:25

All games in this series

Show
View Real Time Build Order
Export as new Build Order

MightyKiwi Zerg - Winner!

Build Orders: Pool First 

Get SALT Encoding   

  12  0:18  Spawning Pool  
  11  0:24  Drone  
  11  0:28  Drone  
  13  0:32  Drone  
  14  0:40  Overlord  
  14  1:05  Zergling x4  
  14  1:07  Zergling x2  
  17  1:18  Zergling x2  
  18  1:20  Hatchery  
  17  1:31  Zergling x2  
  18  1:33  Queen  
  20  1:40  Zergling x2  
  21  1:50  Overlord  
  21  2:04  Drone  
  21  2:07  Extractor  
  21  2:20  Drone  
  22  2:25  Queen  
  22  2:26  Drone  
  23  2:38  Drone x2  
  23  2:46  Drone  
  23  2:47  Drone  
  25  2:56  Drone  
  25  2:57  Drone x3  
  27  3:07  Metabolic Boost  
  27  3:09  Drone  
  27  3:11  Drone  
  29  3:16  Queen  
  29  3:17  Zergling x2  
  29  3:19  Zergling x2  
  33  3:23  Zergling x4  
  33  3:25  Zergling x2  
  36  3:29  Overlord  
  36  3:47  Hatchery  
  34  4:00  Drone x3  
  34  4:01  Overlord  
  34  4:02  Drone x2  
  39  4:03  Zergling x6  
  39  4:08  Spore Crawler  
  41  4:11  Zergling x2  
  42  4:18  Spore Crawler  
  42  4:19  Zergling x2  
  42  4:22  Zergling x6  
  45  4:26  Drone x2  
  45  4:27  Drone  
  45  4:30  Drone  
  49  4:35  Drone x2  
  48  4:52  Drone x6  
  51  4:57  Drone x2  
  51  5:00  Lair  
  51  5:06  Queen  
  52  5:12  Extractor  
  51  5:15  Baneling Nest, Zergling x6  
  51  5:20  Drone  
  54  5:22  Drone x2  
  56  5:30  Drone  
  56  5:31  Overlord  
  56  5:32  Overlord  
  57  5:37  Drone  
  57  5:38  Drone  
  57  5:39  Overlord  
  57  5:48  Evolution Chamber  
  56  5:51  Overlord, Drone  
  56  5:52  Extractor, Drone x2  
  56  5:54  Drone x3  
  56  5:55  Drone  
  62  6:02  Zergling x2  
  62  6:03  Zergling x8  
  67  6:06  Drone  
  67  6:12  Hydralisk Den  
  67  6:13  Drone x2  
  67  6:16  Extractor  
  67  6:17  Drone  
  67  6:18  Drone  
  69  6:19  Drone x3  
  72  6:28  Baneling x6  
  72  6:29  Baneling x3  
  72  6:32  Zergling x14  
  79  6:38  Zerg Melee Weapons Level 1  
  79  6:39  Drone  
  80  6:40  Drone x2  
  81  6:56  Zergling x2  
  77  7:06  Overseer  
  72  7:08  Overseer  
  72  7:10  Overseer  
  72  7:13  Hydralisk x4  
  72  7:15  Overlord x3  
  78  7:19  Hatchery  
  78  7:20  Zergling x2  
  78  7:21  Overlord x2  
  75  7:35  Overlord  
  75  7:36  Hydralisk, Centrifical Hooks  
  75  7:37  Hydralisk  
  75  7:43  Zergling x8  
  79  7:50  Muscular Augments  
  79  7:52  Drone x2  
  81  8:00  Hydralisk  
  81  8:01  Hydralisk  
  81  8:04  Overlord  
  81  8:05  Overlord  
  85  8:10  Hydralisk x2  
  89  8:14  Drone  
  90  8:25  Drone x4  
  93  8:31  Hydralisk  
  93  8:32  Hydralisk x2  
  99  8:37  Baneling x7  
  99  8:39  Overseer  
  99  8:43  Baneling  
  98  8:50  Baneling x3  
  98  8:51  Zergling x12  
  104  8:59  Zergling x8  
  90  9:17  Zergling x10  
  90  9:18  Zergling x12  
  89  9:35  Hydralisk x2  
  89  9:36  Hydralisk x5  
  98  9:40  Hydralisk  
  98  9:43  Hydralisk  
  93  9:50  Hydralisk x4  
  93  9:52  Zergling x2  
  98  9:59  Zergling x4  
  100  10:00  Queen  
  100  10:02  Queen  
  99  10:15  Zergling x8  
  99  10:21  Baneling x3  
  102  10:22  Hydralisk  
  102  10:23  Hydralisk  
  102  10:28  Zergling x4  
  107  10:35  Drone x2  
  109  10:38  Queen, Extractor  
  109  10:40  Zerg Missile Weapons Level 1  
  110  10:43  Hatchery  
  109  10:50  Zergling x6  
  109  10:51  Zergling x4  
  114  11:04  Baneling x6  
  114  11:05  Baneling x4  
  114  11:06  Zergling x2  
  114  11:07  Zergling x6  
  118  11:14  Hydralisk x3  
  123  11:30  Hydralisk x5  
  123  11:31  Hydralisk  
  134  11:37  Baneling x7  
  134  11:42  Zergling x2  
  134  11:43  Zergling x4  
  134  11:56  Zergling x18  
  134  12:00  Overlord x3  
  142  12:09  Baneling x7  
  142  12:10  Baneling  
  142  12:18  Queen, Overlord  
  125  12:32  Hydralisk x8  
  120  12:50  Hydralisk x4  
  106  12:53  Zergling x20  
  106  12:57  Overseer  
  110  13:06  Zergling x10  
  110  13:07  Zergling x2  
  112  13:15  Hydralisk x2  
  110  13:21  Zergling x4  
  110  13:24  Zergling x2  
  110  13:25  Zergling x2  
  110  13:26  Baneling  
  114  13:27  Baneling x10  
  114  13:31  Zergling x2  
  114  13:32  Zergling x12  
  121  13:39  Zergling x2  
  121  13:40  Zergling x6  
  121  13:48  Hydralisk x2  
  117  13:55  Zergling x16  
  121  14:05  Drone x7  
Show
View Real Time Build Order
Export as new Build Order

BackupA Protoss 

Build Orders:  

Get SALT Encoding   

  12  0:00  Probe (Chrono Boost)  
  13  0:11  Probe (Chrono Boost)  
  14  0:19  Pylon  
  14  0:22  Probe (Chrono Boost)  
  15  0:37  Probe (Chrono Boost)  
  16  0:43  Gateway  
  16  0:46  Assimilator  
  16  0:48  Probe (Chrono Boost)  
  17  0:58  Probe (Chrono Boost)  
  18  1:09  Probe (Chrono Boost)  
  19  1:20  Probe (Chrono Boost)  
  20  1:28  Gateway  
  20  1:30  Cybernetics Core  
  20  1:31  Zealot (Chrono Boost)  
  22  1:34  Pylon  
  22  1:35  Probe  
  23  1:53  Probe (Chrono Boost)  
  23  2:06  Adept (Chrono Boost)  
  25  2:15  Nexus  
  25  2:18  Pylon  
  27  2:22  Mothership Core  
  27  2:43  Probe, Adept (Chrono Boost)  
  30  2:46  Adept (Chrono Boost)  
  30  2:54  Cybernetics Core  
  30  3:07  Probe (Chrono Boost)  
  30  3:09  Assimilator  
  31  3:18  Probe (Chrono Boost), Pylon  
  32  3:28  Probe (Chrono Boost)  
  32  3:29  Probe (Chrono Boost)  
  32  3:31  Adept x2  
  32  3:32  Warp Gate  
  38  3:38  Probe (Chrono Boost)  
  38  3:40  Probe (Chrono Boost)  
  40  3:45  Twilight Council  
  40  3:49  Probe (Chrono Boost)  
  42  3:55  Probe (Chrono Boost)  
  42  3:59  Probe (Chrono Boost)  
  43  4:06  Probe (Chrono Boost)  
  45  4:10  Probe (Chrono Boost)  
  45  4:16  Probe (Chrono Boost)  
  46  4:17  Robotics Facility  
  46  4:19  Probe (Chrono Boost)  
  46  4:21  Resonating Glaives (Chrono Boost)  
  47  4:28  Probe (Chrono Boost)  
  47  4:29  Probe (Chrono Boost), Adept  
  51  4:35  Gateway  
  51  4:40  Probe (Chrono Boost)  
  51  4:41  Probe (Chrono Boost)  
  53  4:52  Probe x2 (Chrono Boost)  
  45  5:13  Nexus  
  45  5:14  Gateway x2  
  45  5:16  Pylon  
  45  5:21  Pylon  
  45  5:22  Warp Prism  
  45  5:27  Probe  
  46  5:29  Probe  
  46  5:31  Dark Shrine  
  47  5:46  Adept x2  
  51  5:52  Gateway  
  51  5:53  Gateway  
  51  5:55  Probe, Pylon  
  51  5:56  Probe, Nexus  
  52  6:12  Nexus  
  52  6:13  Adept  
  52  6:15  Probe (Chrono Boost), Pylon  
  52  6:16  Probe (Chrono Boost)  
  52  6:17  Assimilator  
  56  6:19  Assimilator  
  56  6:24  Adept  
  56  6:25  Adept  
  60  6:27  Probe x2 (Chrono Boost)  
  60  6:31  Pylon  
  62  6:42  Probe x2 (Chrono Boost)  
  64  6:47  Dark Templar x4  
  64  6:53  Probe x2 (Chrono Boost)  
  74  6:54  Adept x2  
  74  6:55  Adept  
  70  7:03  Probe x2 (Chrono Boost)  
  70  7:14  Probe x2 (Chrono Boost)  
  72  7:18  Gateway  
  72  7:20  Gateway  
  72  7:22  Gateway  
  72  7:24  Probe (Chrono Boost)  
  73  7:33  Adept x4  
  73  7:34  Adept  
  73  7:35  Probe (Chrono Boost)  
  84  7:47  Adept x2  
  88  7:51  Pylon  
  88  7:54  Stalker  
  88  7:56  Adept x4  
  98  8:03  Archon  
  98  8:12  Archon  
  98  8:31  Adept x4, Pylon  
  98  8:32  Adept, Pylon  
  98  8:33  Pylon  
  108  8:42  Pylon  
  108  8:43  Pylon  
  108  8:49  Templar Archives  
  108  8:52  Adept x10  
  94  9:17  Adept x10  
  90  9:38  Adept x3  
  90  9:39  Adept x7  
  90  9:44  Adept x6  
  100  9:49  Assimilator  
  100  9:50  Assimilator  
  98  9:58  Nexus  
  98  10:03  Adept x2  
  98  10:04  Adept x3  
  108  10:09  Pylon  
  108  10:19  High Templar x2  
  106  10:39  High Templar x2  
  106  10:40  Adept x6  
  122  10:44  Pylon  
  122  10:48  Probe x3 (Chrono Boost)  
  125  10:50  Pylon  
  125  11:02  Adept x8  
  141  11:09  Assimilator  
  141  11:17  Probe x4 (Chrono Boost)  
  143  11:23  High Templar x2  
  143  11:24  Adept x4  
  151  11:27  Probe (Chrono Boost)  
  150  11:35  Archon  
  150  11:37  High Templar  
  152  11:44  Psionic Storm  
  152  11:51  Adept  
  152  11:52  Adept x6  
  152  11:54  Archon  
  154  11:55  Archon  
  154  12:12  Adept x7  
  154  12:13  Adept x2  
  172  12:17  Pylon  
  134  12:37  Adept x10  
  76  12:57  Adept x3  
  76  12:58  Adept x6  
  88  13:00  Adept  
  76  13:18  High Templar x8  
  76  13:19  Adept  
  94  13:23  Nexus  
  94  13:28  Archon x2, Pylon  
  94  13:29  Archon x2  
  94  13:33  Adept  
  92  13:40  Adept  
  59  13:55  Adept x2  
  59  13:56  Adept x7  
  59  14:01  High Templar  
  63  14:14  Adept x3  
  51  14:19  Adept x4  
Tags
 
Add a new tag
Caveats
  • Supply blocks, unpowered buildings, or Contaminate may cause inaccurate times.
  • Supply counts are checked every 10 seconds.